 Dungeon Crawl Stone Soup version 0.31-a0-267-g3fc6992b3b (webtiles) character file.

Game seed: 13119887288415237541

1794 qw the Skirmisher (level 8, 0/70 HPs)
             Began as a Minotaur Hexslinger on July 14, 2023.
             Was an Initiate of Okawaru.
             Slain by a lemure (1 damage)
             ... led by Pikel
             ... on level 7 of the Dungeon.
             The game lasted 00:02:55 (7655 turns).

qw the Skirmisher (Minotaur Hexslinger)             Turns: 7655, Time: 00:02:56

Health: 0/70       AC:  7    Str: 13    XL:     8   Next: 82%
Magic:  10/10      EV: 11    Int: 10    God:    Okawaru [......]
Gold:   278        SH:  0    Dex: 15    Spells: 8/9 levels left

rFire   . . .        Y - +1 sling
rCold   . . .        (no shield)
rNeg    . . .        d - +0 ring mail
rPois   +            (helmet restricted)
rElec   .            (no cloak)
rCorr   .            n - +0 pair of gloves
SInv    +            j - +0 pair of boots
Will    .....        i - amulet of faith
Stlth   +            q - ring of poison resistance
HPRegen 0.31/turn    g - ring of see invisible
MPRegen 0.12/turn

%: faith
@: about to teleport
A: horns 2, retaliatory headbutt
a: Renounce Religion


You were on level 7 of the Dungeon.
You worshipped Okawaru.
Okawaru was noncommittal.
You visited 2 branches of the dungeon, and saw 8 of its levels.

You collected 278 gold pieces.


Innate Abilities, Weirdness & Mutations

You have a pair of horns on your head.
You reflexively headbutt those who attack you in melee.


   Skills:
 - Level 6.1 Fighting
 + Level 9.7 Ranged Weapons
 - Level 2.4 Armour
 - Level 3.5 Dodging
 - Level 1.0 Spellcasting
 - Level 2.0 Hexes
 - Level 4.0 Invocations


You had 8 spell levels left.
You knew the following spells:

 Your Spells              Type           Power      Damage    Failure   Level
a - Slow                  Hex            16%        N/A       30%         1

Your spell library contained the following spells:

 Spells                   Type           Power      Damage    Failure   Level
 Inner Flame              Hex/Fire       2%         N/A       80%         3
 Portal Projectile        Hex/Tloc       4%         N/A       80%         3
 Cause Fear               Hex            2%         N/A       97%         4

Inventory:

Hand Weapons
 Y - a +1 sling (weapon)
Armour
 c - a +3 leather armour
 d - a +0 ring mail (worn)
 j - a +0 pair of boots (worn)
 n - a +0 pair of gloves (worn)
Jewellery
 e - an amulet of the acrobat
 g - a ring of see invisible (right hand)
 h - a ring of willpower
 i - an amulet of faith (around neck)
 m - a ring of positive energy
 p - a ring of willpower
 q - a ring of poison resistance (left hand)
Scrolls
 b - 4 scrolls of identify
 o - a scroll of teleportation
Potions
 a - a potion of haste
 f - a potion of curing
 k - a potion of heal wounds
 l - a potion of resistance
 r - a potion of mutation {unknown}

Dungeon Overview and Level Annotations

Branches:
Dungeon (7/15)             Temple (1/1) D:4

Altars:
Cheibriados
Dithmenos
Elyvilon
Fedhas
Gozag
Hepliaklqana
Kikubaaqudgha
Makhleb
Nemelex Xobeh
Okawaru
Qazlal
Ru
Sif Muna
Trog
Uskayaw
Wu Jian
The Shining One
Lugonu

Shops:
D:6 =

Portals:
Abyss: D:6

Annotations:
D:4 2 runed translucent doors
D:7 Pikel


Message History

Pikel freezes you.
The shadow imp hits you but does no damage.
You shoot a sling bullet. The sling bullet hits Pikel.
Pikel is moderately wounded.
Pikel hits you with a +0 whip of freezing.
Pikel freezes you. The shadow imp misses you. You furiously retaliate!
You headbutt the shadow imp! You shoot a sling bullet.
The sling bullet barely misses the shadow imp.
The shadow imp hits you. Pikel hits you but does no damage.
You shoot a sling bullet. The sling bullet hits the shadow imp!
You kill the shadow imp!
Okawaru accepts your kill.
You shoot a sling bullet. The sling bullet hits Pikel.
Pikel is heavily wounded.
You feel like a meek peon again.
Pikel hits you with a +0 whip of freezing!
Pikel freezes you.
You shoot a sling bullet. The sling bullet closely misses Pikel.
Pikel hits you with a +0 whip of freezing.
Pikel freezes you. The lemure hits you.
You shoot a sling bullet. The sling bullet hits Pikel.
Pikel is heavily wounded.
Pikel hits you with a +0 whip of freezing.
Pikel freezes you.
You shoot a sling bullet.
The sling bullet hits Pikel but does no damage.
Pikel is heavily wounded.
Pikel hits you with a +0 whip of freezing!
Pikel freezes you. The lemure misses you. The lemure barely misses you.
You furiously retaliate!
You headbutt the lemure. You shoot a sling bullet. The sling bullet hits Pikel!
Pikel is severely wounded.
Pikel hits you with a +0 whip of freezing!
Pikel freezes you. The lemure hits you! The lemure hits you but does no damage.
7655 ||| READING 2 scrolls of teleportation.
As you read the scroll of teleportation, it crumbles to dust.
You feel strangely unstable. Pikel hits you but does no damage.
The lemure hits you.
You die...

#
####.####
#
#.K5.....
.
#.##@##.#
#
#...55..#
####.####
#.####
#....#
####.#
#<# ##
#.# #.
#.#
..###.


You could see Pikel and 3 lemures.

Vanquished Creatures
  Eustachio (D:4)
  Menkaure (D:5)
  A black bear (D:7)
  An ogre (D:4)
  2 phantoms
  5 scorpions
  2 howler monkeys
  3 jellies
  4 hounds
  2 orc priests
  2 sleepcaps
  2 iguanas
  7 orc wizards
  Robin (D:3)
  11 adders
  A shadow imp (D:7)
  2 white imps
  An ufetubus (D:6)
  4 worms
  4 dart slugs
  21 orcs
  11 endoplasms
  9 goblins
  7 hobgoblins
  7 kobolds
  5 quokkas
  4 ball pythons
  7 bats
  5 frilled lizards
  4 rats
  A lurking horror (D:6)
138 creatures vanquished.

Notes
Turn   | Place    | Note
-------+----------+-------------------------------------------
     0 | D:1      | qw the Minotaur Hexslinger began the quest for the Orb.
     0 | D:1      | Reached XP level 1. HP: 16/16 MP: 1/1
     0 | D:1      | 0 ||| qw: Version: 0.3-a-52-g30416fa
     0 | D:1      | 0 ||| qw: Game counter: 7805
     0 | D:1      | 0 ||| qw: Melee chars always use a shield: true
     0 | D:1      | 0 ||| qw: God list: Okawaru
     0 | D:1      | 0 ||| qw: Allow faded altars: false
     0 | D:1      | 0 ||| qw: Do Orc after clearing Dungeon:15 true
     0 | D:1      | 0 ||| qw: Do second Lair branch before Depths: true
     0 | D:1      | 0 ||| qw: Lair rune preference: random
     0 | D:1      | 0 ||| qw: Goals: Normal
     0 | D:1      | 0 ||| PLANNING D:1-11
   143 | D:1      | Reached skill level 3 in Ranged Weapons
   143 | D:1      | Reached XP level 2. HP: 23/23 MP: 2/2
   727 | D:1      | 727 ||| UPGRADING to +0 ring mail.
   737 | D:1      | 737 ||| DROPPING +0 robe.
   738 | D:1      | 738 ||| UPGRADING to amulet of the acrobat.
   743 | D:1      | 743 ||| UPGRADING to ring of positive energy.
   744 | D:1      | 744 ||| READING scroll labelled COITZUGHUCU.
   745 | D:1      | 745 ||| READING scroll labelled YMEUTINAAMI.
   746 | D:1      | 746 ||| DROPPING scroll of poison.
   766 | D:2      | Reached XP level 3. HP: 25/29 MP: 3/3
   832 | D:2      | Reached skill level 4 in Ranged Weapons
   947 | D:2      | Reached skill level 1 in Armour
  1069 | D:2      | Reached XP level 4. HP: 13/36 MP: 4/4
  1182 | D:2      | Found a faded altar of an unknown god.
  1406 | D:2      | 1406 ||| UPGRADING to +0 pair of boots.
  1411 | D:2      | 1411 ||| UPGRADING to ring of willpower.
  1412 | D:2      | 1412 ||| READING 2 scrolls labelled ZORCHA DOLEVUW.
  1416 | D:2      | 1416 ||| READING 6 scrolls labelled TEIQEI ZUQO.
  1417 | D:2      | 1417 ||| READING scroll labelled BISITU XOGAOPHIG.
  1418 | D:2      | 1418 ||| READING 5 scrolls of identify.
  1418 | D:2      | 1418 ||| IDENTIFYING bubbling puce potion
  1419 | D:2      | 1419 ||| READING 4 scrolls of identify.
  1419 | D:2      | 1419 ||| IDENTIFYING sedimented silvery potion
  1420 | D:2      | 1420 ||| DROPPING potion of brilliance.
  1509 | D:3      | Reached skill level 5 in Ranged Weapons
  1519 | D:3      | Noticed Robin
  1527 | D:3      | 1527 ||| Stepping ~*~*~tactically~*~*~ (outnumbered).
  1535 | D:3      | Killed Robin
  1536 | D:3      | 1536 ||| FLEEEEING.
  1537 | D:3      | 1537 ||| FLEEEEING.
  1538 | D:3      | 1538 ||| FLEEEEING.
  1539 | D:3      | 1539 ||| FLEEEEING.
  1540 | D:3      | 1540 ||| FLEEEEING.
  1541 | D:3      | 1541 ||| FLEEEEING.
  1542 | D:3      | 1542 ||| FLEEEEING.
  1543 | D:3      | 1543 ||| FLEEEEING.
  1544 | D:3      | 1544 ||| FLEEEEING.
  1545 | D:3      | 1545 ||| FLEEEEING.
  1546 | D:3      | 1546 ||| FLEEEEING.
  1547 | D:3      | 1547 ||| FLEEEEING.
  1548 | D:3      | 1548 ||| FLEEEEING.
  1549 | D:3      | 1549 ||| FLEEEEING.
  1550 | D:3      | 1550 ||| FLEEEEING.
  1551 | D:3      | 1551 ||| FLEEEEING.
  1552 | D:3      | 1552 ||| FLEEEEING.
  1553 | D:3      | 1553 ||| FLEEEEING.
  1554 | D:3      | 1554 ||| FLEEEEING.
  1555 | D:3      | 1555 ||| FLEEEEING.
  1556 | D:3      | 1556 ||| FLEEEEING.
  1557 | D:3      | 1557 ||| FLEEEEING.
  1558 | D:3      | 1558 ||| FLEEEEING.
  1559 | D:3      | 1559 ||| FLEEEEING.
  1560 | D:3      | 1560 ||| FLEEEEING.
  1561 | D:3      | 1561 ||| STAIRDANCE
  1600 | D:2      | 1600 ||| READING scroll labelled SAEROH BYTE.
  1619 | D:3      | Reached XP level 5. HP: 39/44 MP: 5/5
  1661 | D:3      | Reached skill level 3 in Fighting
  2356 | D:3      | 2356 ||| UPGRADING to amulet of faith.
  2366 | D:3      | 2366 ||| READING 5 scrolls of identify.
  2366 | D:3      | 2366 ||| IDENTIFYING silvery potion
  2367 | D:3      | 2367 ||| DROPPING potion of ambrosia.
  2417 | D:4      | 2417 ||| STAIRDANCE
  2423 | D:3      | HP: 11/45 [scorpion (4)]
  2424 | D:3      | 2424 ||| READING 2 scrolls of teleportation.
  2426 | D:3      | Reached skill level 6 in Ranged Weapons
  2792 | D:4      | Noticed Eustachio
  2813 | D:4      | HP: 10/45 [quokka[Eustachio] (4)]
  2814 | D:4      | 2814 ||| READING scroll of teleportation.
  2963 | D:4      | HP: 10/45 [scorpion (4)]
  2964 | D:4      | Reached XP level 6. HP: 12/52 MP: 6/6
  2968 | D:4      | HP: 7/52 [poisoned by a scorpion]
  3268 | D:4      | Found a staircase to the Ecumenical Temple.
  3269 | D:4      | 3269 ||| PLANNING TEMPLE
  3269 | D:4      | 3269 ||| UPGRADING to ring of see invisible.
  3271 | D:4      | 3271 ||| DRINKING 2 lumpy silvery potions.
  3272 | D:4      | 3272 ||| READING 4 scrolls of identify.
  3272 | D:4      | 3272 ||| IDENTIFYING white potion
  3278 | Temple   | Entered the Ecumenical Temple
  3344 | Temple   | 3344 ||| PLANNING OKAWARU WORSHIP
  3577 | Temple   | Became a worshipper of Warmaster Okawaru
  3578 | Temple   | 3578 ||| PLANNING D:1-11
  3878 | D:4      | Reached skill level 7 in Ranged Weapons
  3983 | D:4      | Found a large runed translucent door.
  3984 | D:4      | Found a large runed translucent door.
  4038 | D:4      | Reached * piety under Okawaru
  4064 | D:4      | Reached XP level 7. HP: 54/59 MP: 7/7
  4314 | D:4      | 4314 ||| INVOKING Heroism.
  4315 | D:4      | 4315 ||| INVOKING Heroism.
  4678 | D:4      | 4678 ||| FLEEEEING.
  4679 | D:4      | 4679 ||| FLEEEEING.
  4680 | D:4      | 4680 ||| FLEEEEING.
  4712 | D:4      | Killed Eustachio
  4713 | D:4      | Reached skill level 8 in Ranged Weapons
  4826 | D:4      | 4826 ||| UPGRADING to +0 pair of gloves.
  4831 | D:4      | 4831 ||| READING scroll labelled QULIXZIUHO.
  4851 | D:5      | Entered Level 5 of the Dungeon
  4863 | D:5      | Reached skill level 1 in Invocations
  4888 | D:5      | 4888 ||| INVOKING Heroism.
  5005 | D:5      | 5005 ||| INVOKING Heroism.
  5010 | D:5      | HP: 12/59 [iguana (7)]
  5011 | D:5      | 5011 ||| READING scroll of teleportation.
  5012 | D:5      | 5012 ||| DRINKING 2 potions of heal wounds.
  5506 | D:5      | Reached XP level 8. HP: 64/67 MP: 9/9
  5506 | D:5      | 5506 ||| INVOKING Heroism.
  5513 | D:5      | Reached skill level 3 in Invocations
  5626 | D:5      | Found a shadowy altar of Dithmenos.
  5638 | D:5      | Noticed Menkaure
  5638 | D:5      | 5638 ||| INVOKING Heroism.
  5656 | D:5      | Killed Menkaure
  6266 | D:5      | 6266 ||| DROPPING amulet of guardian spirit.
  6267 | D:5      | 6267 ||| READING 4 scrolls of identify.
  6267 | D:5      | 6267 ||| IDENTIFYING fizzy dark potion
  6268 | D:5      | 6268 ||| DROPPING potion of lignification.
  6342 | D:6      | 6342 ||| INVOKING Heroism.
  6461 | D:6      | 6461 ||| INVOKING Heroism.
  6464 | D:6      | 6464 ||| Stepping ~*~*~tactically~*~*~ (outnumbered).
  6475 | D:6      | Reached skill level 9 in Ranged Weapons
  6591 | D:6      | Found a corrupted altar of Lugonu.
  6591 | D:6      | Found a one-way gate to the infinite horrors of the Abyss.
  6893 | D:6      | Reached skill level 3 in Dodging
  7145 | D:6      | Found Muejag's Jewellery Shoppe.
  7153 | D:6      | 7153 ||| SHOPLISTING +4 ring of protection (540 gold, have
                  | 278).
  7153 | D:6      | 7153 ||| SHOPLISTING +4 ring of slaying (1170 gold, have
                  | 278).
  7153 | D:6      | 7153 ||| SHOPLISTING +5 ring of evasion (540 gold, have
                  | 278).
  7153 | D:6      | 7153 ||| SHOPLISTING amulet "Miledela" {Spirit rN+ SInv}
                  | (681 gold, have 278).
  7153 | D:6      | 7153 ||| SHOPLISTING ring of poison resistance (300 gold,
                  | have 278).
  7153 | D:6      | 7153 ||| SHOPLISTING ring of protection from cold (375
                  | gold, have 278).
  7153 | D:6      | 7153 ||| INVOKING Heroism.
  7156 | D:6      | Reached skill level 6 in Fighting
  7296 | D:6      | 7296 ||| UPGRADING to ring of poison resistance.
  7298 | D:6      | 7298 ||| UPGRADING to ring of see invisible.
  7300 | D:6      | 7300 ||| READING scroll labelled POPSINALUU.
  7301 | D:6      | 7301 ||| DRINKING 2 lumpy yellow potions.
  7321 | D:7      | 7321 ||| INVOKING Heroism.
  7409 | D:7      | 7409 ||| INVOKING Heroism.
  7497 | D:7      | 7497 ||| INVOKING Heroism.
  7521 | D:7      | 7521 ||| FLEEEEING.
  7522 | D:7      | 7522 ||| FLEEEEING.
  7523 | D:7      | 7523 ||| FLEEEEING.
  7635 | D:7      | Noticed Pikel
  7636 | D:7      | 7636 ||| INVOKING Heroism.
  7654 | D:7      | HP: 11/70 [Pikel/+0 whip of freezing (8)]
  7654 | D:7      | HP: 1/70 [lemure[Pikel] (7)]
  7655 | D:7      | 7655 ||| READING 2 scrolls of teleportation.
  7655 | D:7      | Slain by a lemure

Levels and vault maps discovered:
D:1:      nagdon_arrival_double_spiral, layout_basic, minmay_pentomino_w2
D:2:      layout_rooms, hellmonk_ecumenical_altar_defaced_shrine
D:3:      minmay_general_purpose_star, layout_basic, minmay_bisected, uniq_robin
D:4:      layout_layer_cave, jmf_multi_god_temple2, temple_green,
          kennysheep_generic_room_7, uniq_eustachio
D:5:      layout_basic, mainiacjoe_overflow_paths, kennysheep_generic_room_8,
          uniq_menkaure
D:6:      layout_loops_ring, minmay_shop_grid_forest,
          amcnicky_altar_lugonu_corruption
D:7:      layout_loops_cross, mainiacjoe_overflow_brackets, uniq_pikel
Temple:   minmay_temple_bridge_d

Skill      XL: |  1  2  3  4  5  6  7  8 |
---------------+-------------------------+-----
Ranged Weapons | 3 4 5 6 7 8 9 |  9.7
Fighting       | 2 4 6 |  6.1
Armour         | 1 2 |  2.4
Invocations    | 2 4 |  4.0
Dodging        | 3 |  3.5
Spellcasting   | |  1.0
Hexes          | |  2.0

Action                     |  1- 3 |  4- 6 |  7- 9 || total
---------------------------+-------+-------+-------++-------
   Fire: Sling             |   112 |   256 |   324 ||   692
 Invoke: Heroism           |       |       |    12 ||    12
    Use: Scroll            |     2 |    10 |     5 ||    17
         Potion            |       |     1 |     2 ||     3
 Armour: Ring mail         |     9 |    96 |    99 ||   204
  Dodge: Dodged            |    38 |   118 |   142 ||   298

Table legend:
 A = Non-vault XP
 B = Vault XP
 C = Vault XP percentage of total XP
 D = Non-vault monster count
 E = Vault monster count
 F = Vault count percentage of total count
                 A         B        C        D         E       F
            +---------+---------+-------+---------+---------+-------
      Total |    2073 |     491 |  19.1 |     113 |      24 |  17.5
            +---------+---------+-------+---------+---------+-------
        D:1 |      35 |       3 |   7.9 |      19 |       2 |   9.5
        D:2 |      76 |      15 |  16.5 |      20 |       5 |  20.0
        D:3 |     181 |      33 |  15.4 |      15 |      12 |  44.4
        D:4 |     390 |     252 |  39.3 |      16 |       3 |  15.8
        D:5 |     645 |     188 |  22.6 |      19 |       2 |   9.5
        D:6 |     472 |       0 |   0.0 |      13 |       0 |   0.0
        D:7 |     274 |       0 |   0.0 |      11 |       0 |   0.0
            +---------+---------+-------+---------+---------+-------
